 Dungeon Sprint DCSS version 0.29.1-15-g9cfb28693d (webtiles) character file.

Game seed: 17132467887704558654

75 Hakkniv the Digger (level 4, -3/30 HPs)
             Began as a Gargoyle Earth Elementalist on Apr 3, 2023.
             Slain by a water elemental (12 damage)
             ... in the Dungeon (Sprint III: "The Ten Rune Challenge").
             The game lasted 00:03:19 (385 turns).

Hakkniv the Digger (Gargoyle Earth Elementalist)     Turns: 385, Time: 00:03:19

Health: -3/30      AC:  8    Str: 10    XL:     4   Next: 31%
Magic:  4/10       EV: 12    Int: 17    God:
Gold:   26         SH:  0    Dex: 10    Spells: 6/12 levels left

rFire   . . .      SeeInvis .   d - +2 quarterstaff (chaos)
rCold   . . .      Faith    .   (shield currently unavailable)
rNeg    + . .      Spirit   .   a - +0 robe
rPois   ∞          Reflect  .   (no helmet)
rElec   +          Harm     .   e - +2 cloak {rCorr}
rCorr   +          Rampage  .   (no gloves)
Will    .....      NoTele   +   (no boots)
Stlth   ++........              (no amulet)
HPRegen 0.10/turn               (no ring)
MPRegen 0.12/turn               (no ring)

@: engulfed, flying
A: sickness immunity, AC +3, negative energy resistance 1, electricity
resistance, torment resistance 1, petrification resistance, big wings, weak 1
a: no special abilities


You were in the Dungeon.
You visited 1 branch You collected 26 gold pieces.

Inventory:

Hand Weapons
 d - a +2 quarterstaff of chaos (weapon)
Armour
 a - a +0 robe (worn)
 e - a +2 cloak of preservation (worn)
Scrolls
 g - 2 scrolls of poison {unknown}
 h - 3 scrolls of identify {unknown}
Potions
 b - 2 potions of magic
 c - a potion of curing
 f - a potion of berserk rage
 i - a potion of might {unknown}
 j - 3 potions of mutation
 k - a potion of haste


   Skills:
 + Level 4.6 Fighting
 - Level 1.8 Dodging
 - Level 2.2 Stealth
 + Level 4.5 Spellcasting
 - Level 0.7 Transmutations
 + Level 6.7 Earth Magic


You had 6 spell levels left.
You knew the following spells:

 Your Spells              Type           Power      Damage    Failure   Level
a - Sandblast             Erth           52%        2d12      1%          1
b - Passwall              Tmut/Erth      13%        N/A       4%          2
c - Stone Arrow           Conj/Erth      30%        3d8       11%         3

Your spell library contained the following spells:

 Spells                   Type           Power      Damage    Failure   Level
 Petrify                  Tmut/Erth      16%        N/A       32%         4


Dungeon Overview and Level Annotations

Branches:
Dungeon (1/1)

Altars:


Innate Abilities, Weirdness & Mutations

You are immune to sickness and miasma.
Your stone body is resilient. (AC +3)
You are immune to poison.
You resist negative energy. (rN+)
You are resistant to electric shocks. (rElec)
You are resistant to unholy torment.
You are immune to petrification.
Your large and strong wings let you fly.
You are weak. (Str -2)


Message History

The water elemental hits you.
The water elemental engulfs you in water!
The water elemental misses you.
Casting: Sandblast (safe; 1% risk of failure)
Confirm with . or Enter, or press ? or * to list all spells.
Aiming: Sandblast (safe; 1% risk of failure)
Press: ? - help, Shift-Dir - straight line, f/p - water elemental
Aim: a water elemental (heavily damaged, 90% to hit)
The blast of sand misses the water elemental.
The water elemental hits you.
Unknown command.
Casting: Sandblast (safe; 1% risk of failure)
Confirm with . or Enter, or press ? or * to list all spells.
Aiming: Sandblast (safe; 1% risk of failure)
Press: ? - help, Shift-Dir - straight line, f/p - water elemental
Aim: a water elemental (heavily damaged, 90% to hit)
The blast of sand misses the water elemental.
The water elemental hits you. The water elemental hits you!
Unknown command.
You feel better. The water elemental hits you.
Casting: Sandblast (safe; 1% risk of failure)
Confirm with . or Enter, or press ? or * to list all spells.
Aiming: Sandblast (safe; 1% risk of failure)
Press: ? - help, Shift-Dir - straight line, f/p - water elemental
Aim: a water elemental (heavily damaged, 90% to hit)
The blast of sand hits the water elemental but does no damage.
The water elemental is heavily damaged.
The water elemental barely misses you.
Unknown command.
Casting: Sandblast (safe; 1% risk of failure)
Confirm with . or Enter, or press ? or * to list all spells.
Aiming: Sandblast (safe; 1% risk of failure)
Press: ? - help, Shift-Dir - straight line, f/p - water elemental
Aim: a water elemental (heavily damaged, 90% to hit)
The blast of sand hits the water elemental!
The water elemental is almost destroyed.
The water elemental hits you!
* * * LOW HITPOINT WARNING * * *
The water elemental hits you!
You die...

▓▓▓▓▓▓▓▓▓ ▓▓▓
▓<..#(..#### ##.#
▓...#......#####..#
▓..##.......#..#..#
▓##.##.##.†.#..#..# #+#+#
##.##.###).##'#..#......
▓#.####.##..###...'.⌠....
▓.###..##..####.@E#...###
▓#.....##..###....# ⌠.#
###..##[..##.....# .#
##..##....#......# #
#..###..##.#.....# #..#
#..#####....# ▓▓▓▓ ▓▓▓▓
▓▓▓▓▓▓


You could see a water elemental.

Vanquished Creatures
  Crazy Yiuf (D)
  Jessica (D)
  A human (D)
  2 endoplasms (D)
  A rat (D)
6 creatures vanquished.

Notes
Turn   | Place    | Note
-------+----------+-------------------------------------------
     0 | D        | Hakkniv the Gargoyle Earth Elementalist began the quest for
                  | the Orb.
     0 | D        | Reached XP level 1. HP: 10/10 MP: 3/3
     9 | D        | Reached skill level 4 in Earth Magic
    55 | D        | Noticed Jessica
    57 | D        | Killed Jessica
    58 | D        | Reached skill level 5 in Earth Magic
    58 | D        | Reached XP level 2. HP: 19/19 MP: 2/6
    58 | D        | Reached XP level 3. HP: 23/23 MP: 2/8
    62 | D        | Learned a level 2 spell: Passwall
    66 | D        | Learned a level 3 spell: Stone Arrow
   123 | D        | Noticed Crazy Yiuf
   135 | D        | Killed Crazy Yiuf
   136 | D        | Reached skill level 6 in Earth Magic
   136 | D        | Reached XP level 4. HP: 29/29 MP: 5/10
   373 | D        | Gained mutation: Your large and strong wings let you fly.
                  | [potion of mutation]
   373 | D        | Gained mutation: You are weak. (Str -2) [potion of
                  | mutation]
   376 | D        | Noticed a water elemental
   385 | D        | Slain by a water elemental

Illustrated notes

Levels and vault maps discovered:
D:        dungeon_sprint_mu [sprint_mu_entry_cave, sprint_mu_temple_rooms,
          sprint_mu_d1_horrors, sprint_mu_d2_genie, sprint_mu_d3_branching,
          sprint_mu_orc_legion, sprint_mu_elf_gauntlet, sprint_mu_hive_nellie,
          sprint_mu_lair_fedhas, sprint_mu_vaults_butterflies,
          sprint_mu_slime_circle, sprint_mu_swamp_cave, sprint_mu_shoals_archi,
          sprint_mu_blade_basic, sprint_mu_crypt_lich, sprint_mu_tomb_spiral,
          sprint_mu_vestibule_basic, sprint_mu_gehenna_hellfire,
          sprint_mu_dis_giant, sprint_mu_tartarus_statrot,
          sprint_mu_cocytus_islands, sprint_mu_zot1]

Skill      XL: |  1  2  3 |
---------------+----------+-----
Earth Magic    | 5 6 |  6.7
Fighting       | 3 4 |  4.6
Spellcasting   | 3 4 |  4.5
Dodging        | |  1.8
Stealth        | |  2.2
Transmutations | |  0.7

Action                   |  1- 3 |  4- 6 || total
-------------------------+-------+-------++-------
Melee: Unarmed           |     4 |       ||     4
 Cast: Sandblast         |     8 |    12 ||    20
  Use: Potion            |     2 |     3 ||     5
       Scroll            |     1 |       ||     1
Armor: Robe              |     1 |     3 ||     4
Dodge: Dodged            |     3 |     2 ||     5
